 Dungeon Crawl Stone Soup version 0.21.0-37-g46506fa5f3 (webtiles) character file.

274 DildoBatman the Sneak (level 6, -3/48 HPs)
             Began as a Formicid Enchanter on Jan 31, 2018.
             Slain by a gnoll
             ... wielding a +0 flail
              (5 damage)
             ... on level 4 of the Dungeon.
             The game lasted 00:09:45 (3692 turns).

DildoBatman the Sneak (Formicid Enchanter)          Turns: 3692, Time: 00:09:45

Health: -3/48      AC:  4    Str: 14    XL:     6   Next: 49%
Magic:  3/9        EV: 12    Int: 15    God:
Gold:   152        SH:  0    Dex: 11    Spells: 5/9 levels left

rFire    . . .     SeeInvis +   a - +4 flail (holy)
rCold    . . .     Gourm    .   (no shield)
rNeg     . . .     Faith    .   q - +0 leather armour
rPois    .         Spirit   .   (helmet unavailable)
rElec    .         Reflect  .   (no cloak)
rCorr    .         Harm     .   (no gloves)
MR       .....                  (no boots)
Stlth    ++........             (no amulet)
HPRegen  0.16/turn              f - +2 ring of slaying
MPRegen  0.11/turn              r - +1 ring of protection

@: no status effects
A: permanent stasis, dig shafts and tunnels, four strong arms, antennae 3
a: Dig, Shaft Self


You were on level 4 of the Dungeon.
You were hungry.

You visited 1 branch of the dungeon, and saw 4 of its levels.

You collected 152 gold pieces.

Inventory:

Hand Weapons
 a - a +4 flail of holy wrath (weapon)
 b - a +2 short sword of flaming
 c - a +2 spear of freezing
 y - a +0 whip
Armour
 d - a +0 robe
 q - a +0 leather armour (worn)
Jewellery
 f - a +2 ring of slaying (left hand)
 r - a +1 ring of protection (right hand)
 u - a cursed amulet of inaccuracy {unknown}
Scrolls
 e - a scroll of enchant weapon {unknown}
 h - a scroll of teleportation {unknown}
 k - 4 scrolls of identify {unknown}
 l - a scroll of amnesia {unknown}
 n - a scroll of remove curse {unknown}
 s - a scroll of noise {unknown}
 t - a scroll of blinking {unknown}
Potions
 g - a potion of degeneration {unknown}
 i - 2 potions of mutation {unknown}
 j - a potion of invisibility
 o - a potion of brilliance {unknown}
 p - a potion of curing {unknown}
 x - a potion of might {unknown}
 z - 2 potions of cancellation {unknown}
 A - a potion of flight {unknown}
Books
 m - a book of Maledictions

   Spells                             Type                      Level
   a - Corona                         Hexes                        1
   b - Ensorcelled Hibernation        Hexes/Ice                    2
   c - Confuse                        Hexes                        3
   d - Tukima's Dance                 Hexes                        3
   e - Dazzling Spray                 Conjuration/Hexes            3
Comestibles
 v - 11 rations


   Skills:
 * Level 3.8 Fighting
 - Level 1.0 Short Blades
 * Level 3.1 Armour
 * Level 2.8 Dodging
 * Level 4.9 Stealth
 - Level 2.1 Spellcasting
 - Level 3.6 Hexes


You had 5 spell levels left.
You knew the following spells:

 Your Spells              Type           Power        Failure   Level  Hunger
a - Corona                Hex            ##.....      6%          1    #......
b - Confuse               Hex            ##......     19%         3    ###....


Dungeon Overview and Level Annotations

Branches:
Dungeon (4/15)
 Temple: D:4-7

Altars:
Nemelex Xobeh
Yredelemnul

Annotations:
D:2 Natasha
D:4 Dowan, Duvessa


Innate Abilities, Weirdness & Mutations

You cannot be hasted, slowed, berserked, paralysed or teleported.
You can dig through walls and to a lower floor.
Your four strong arms can wield two-handed weapons with a shield.
You have a pair of large antennae on your head. (SInv)


Message History

Press: ? - help, Shift-Dir - straight line, f/p - gnoll shaman
Aim: a gnoll shaman, wielding a club and wearing a leather armour (heavily wounded, chance to defeat MR: 43%)
The gnoll shaman resists with some effort.
The gnoll shaman hits you with a club!
You hit the gnoll shaman.
The gnoll shaman is almost dead.
The gnoll shaman hits you with a club.
Casting: Confuse
Confirm with . or Enter, or press ? or * to list all spells.
Aiming: Confuse
Press: ? - help, Shift-Dir - straight line, f/p - gnoll shaman
Aim: a gnoll shaman, wielding a club and wearing a leather armour (almost dead, chance to defeat MR: 43%)
The gnoll shaman resists with some effort.
You are feeling hungry.
The gnoll shaman hits you with a club.
You hit the gnoll shaman.
You kill the gnoll shaman!
The gnoll hits you with a flail! The gnoll hits you with a flail.
You die...

# .####
####...g..
#..)...g..
#)###.####
#.# ##g##
# #...##.#
#..g@#.#
#......#
###..###
#..# #..#
#..# #..#
#..#
♣.♣♣.#


You could see 2 gnolls.

Vanquished Creatures
  A gnoll shaman (D:4)
  An iguana (D:4)
  A worker ant (D:4)
  8 gnolls
  3 adders (D:2)
  An adder skeleton (D:4)
  4 worms
  A dart slug (D:1)
  2 leopard geckos
  A ball python (D:2)
  4 giant cockroaches
  11 goblins
  8 hobgoblins
  6 jackals (D:2)
  2 quokkas (D:2)
  2 bats (D:2)
  5 frilled lizards
  11 kobolds
  7 rats
79 creatures vanquished.

Vanquished Creatures (others)
  A kobold (D:1)
1 creature vanquished.

Grand Total: 80 creatures vanquished

Notes
Turn   | Place    | Note
-------+----------+-------------------------------------------
     0 | D:1      | DildoBatman the Formicid Enchanter began the quest for the Orb.
     0 | D:1      | Reached XP level 1. HP: 13/13 MP: 3/3
    47 | D:1      | Reached skill level 1 in Fighting
   201 | D:1      | Reached XP level 2. HP: 17/22 MP: 3/5
   462 | D:1      | Reached XP level 3. HP: 28/28 MP: 6/6
   467 | D:1      | Learned a level 3 spell: Confuse
   887 | D:2      | Reached XP level 4. HP: 14/35 MP: 5/7
  1110 | D:2      | Reached skill level 1 in Armour
  1233 | D:2      | Reached skill level 4 in Stealth
  1904 | D:2      | Reached XP level 5. HP: 32/41 MP: 6/8
  2901 | D:3      | Noticed Natasha
  3005 | D:3      | Found a sparkling altar of Nemelex Xobeh.
  3208 | D:4      | Found a basalt altar of Yredelemnul.
  3221 | D:4      | Reached XP level 6. HP: 47/47 MP: 9/9
  3382 | D:4      | Noticed Dowan
  3382 | D:4      | Noticed Duvessa
  3689 | D:4      | HP: 1/48 [gnoll/flail (13)]
  3692 | D:4      | Slain by a gnoll

Skill      XL: |  1  2  3  4  5  6 |
---------------+-------------------+-----
Fighting       | 1 2 3 |  3.8
Dodging        | 2 |  2.8
Armour         | 2 3 |  3.1
Stealth        | 4 |  4.9
Short Blades   | |  1.0
Spellcasting   | |  2.1
Hexes          | |  3.6

Action                   |  1- 3 |  4- 6 || total
-------------------------+-------+-------++-------
Melee: Short sword       |    65 |    15 ||    80
       Dagger            |     1 |       ||     1
       Flail             |       |   102 ||   102
 Cast: Corona            |    12 |    27 ||    39
       Confuse           |       |     7 ||     7
 Abil: Dig               |     1 |     1 ||     2
  Use: Potion            |       |     1 ||     1
 Stab: Sleeping          |     5 |     9 ||    14
       Confused          |       |     2 ||     2
  Eat: Chunk             |       |    10 ||    10
Armor: Robe              |    10 |     8 ||    18
       Leather armour    |       |     6 ||     6
Dodge: Dodged            |    29 |    71 ||   100
